 Dungeon Crawl Stone Soup version 0.23.0-38-g208d714 (webtiles) character file.

Game seed: 17804169560837678325

2734 Borgoz the Vexing (level 9, -7/73 HPs)
             Began as a Ghoul Enchanter on Feb 27, 2019.
             Was an Initiate of Ashenzari.
             Mangled by Menkaure (13 damage)
             ... on level 7 of the Dungeon.
             The game lasted 00:19:29 (7575 turns).

Borgoz the Vexing (Ghoul Enchanter)                 Turns: 7575, Time: 00:19:30

Health: -7/73      AC:  6    Str: 14    XL:     9   Next: 67%
Magic:  11/14      EV: 20    Int: 15    God:    Ashenzari [......]
Gold:   364        SH:  0    Dex: 22    Spells: 11/16 levels left

rFire    . . .     SeeInvis .   w - +2 dagger (venom)
rCold    + . .     Gourm    .   (no shield)
rNeg     + + +     Faith    .   y - +0 leather armour
rPois    ∞         Spirit   .   (no helmet)
rElec    .         Reflect  .   p - scarf {repulsion}
rCorr    .         Harm     .   (no gloves)
MR       .....                  D - +2 pair of boots of Conscience {+Blink +Inv rN+}
Stlth    ++++......             (no amulet)
HPRegen  0.00/turn              k - +2 ring of strength
MPRegen  0.14/turn              u - +5 ring of dexterity

@: brilliant, agile, very slightly contaminated, rotting, invisible, repel
missiles
A: rotting body, claws 1, carnivore, cold resistance 1, negative energy
resistance 3, inhibited regeneration, torment resistance, unbreathing
a: Curse Item, Renounce Religion, Evoke Blink


You were on level 7 of the Dungeon.
You worshipped Ashenzari.
Ashenzari was noncommittal.
You were not hungry.

You visited 2 branches of the dungeon, and saw 9 of its levels.
You also visited: Sewer.

You collected 364 gold pieces.

Inventory:

Hand Weapons
 e - a +3 short sword of protection
 w - a +2 dagger of venom (weapon)
Armour
 n - the +7 plate armour "Ymucuib" {+Inv Dex+4}
   (You found it on level 8 of the Dungeon)

   It affects your dexterity (+4).
   It lets you turn invisible.
 p - a scarf of repulsion (worn)
 y - a +0 leather armour (worn)
 D - the +2 pair of boots of Conscience (worn) {+Blink +Inv rN+}
   (You found it on level 5 of the Dungeon)

   It protects you from negative energy.
   It lets you turn invisible.
   It lets you blink.
Jewellery
 h - a +2 ring of protection
 k - a +2 ring of strength (left claw)
 t - an uncursed ring of fire
 u - a +5 ring of dexterity (right claw)
Wands
 s - a wand of disintegration (9)
 F - a wand of flame (18)
 G - a wand of iceblast (8)
Scrolls
 g - 3 scrolls of fog
 i - 4 scrolls of amnesia
 l - 7 scrolls of teleportation
 m - 3 scrolls of enchant weapon
 o - a scroll of random uselessness {unknown}
 x - 2 scrolls of blinking {unknown}
 B - 2 scrolls of enchant armour {unknown}
 C - a scroll of summoning {unknown}
 E - 2 scrolls of remove curse
Potions
 b - a potion of lignification {unknown}
 c - 2 potions of invisibility
 f - 2 potions of agility
 j - a potion of berserk rage {unknown}
 q - 4 potions of flight
 r - 2 potions of might {unknown}
 v - 2 potions of resistance {unknown}
 A - a potion of brilliance
Comestibles
 d - 13 rations


   Skills:
 + Level 4.9 Fighting
 * Level 5.8 Short Blades
 + Level 3.0 Armour
 + Level 4.3 Dodging
 - Level 5.0 Stealth
 + Level 4.1 Spellcasting
 * Level 5.9 Hexes


You had 11 spell levels left.
You knew the following spells:

 Your Spells              Type           Power        Failure   Level  Hunger
a - Confuse               Hex            ####....     1%          3    ###....
b - Ensorcelled Hibernat  Hex/Ice        ###...       1%          2    ##.....

Your spell library contained the following spells:

 Spells                   Type           Power        Failure   Level  Hunger
 Corona                   Hex            ####...      1%          1    None
 Tukima's Dance           Hex            ####....     1%          3    ###....
 Summon Small Mammal      Summ           ##..         2%          1    None
 Dazzling Spray           Conj/Hex       ###...       2%          3    ###....
 Summon Guardian Golem    Hex/Summ       ###.....     2%          3    ###....
 Call Imp                 Summ           ##......     4%          2    ##.....
 Call Canine Familiar     Summ           ##......     8%          3    ###....
 Summon Ice Beast         Ice/Summ       ##......     22%         4    ####...
 Summon Lightning Spire   Summ/Air       ##......     22%         4    ####...


Dungeon Overview and Level Annotations

Branches:
Dungeon (8/15)             Temple (1/1) D:6
   Lair: D:8-11

Altars:
Ashenzari
Cheibriados
Dithmenos
Elyvilon
Fedhas
Gozag
Hepliaklqana
Kikubaaqudgha
Makhleb
Nemelex Xobeh
Okawaru
Ru
Trog
Uskayaw
Vehumet
Wu Jian
Xom
Yredelemnul
Zin
The Shining One

Annotations:
D:7 Dowan, Duvessa, Harold, Menkaure


Innate Abilities, Weirdness & Mutations

Your body is rotting away.
You thrive on raw meat.
You are immune to poison.
You have sharp fingernails.
You are carnivorous and can eat meat at any time.
Your flesh is cold resistant. (rC+)
You are immune to negative energy. (rN+++)
You do not regenerate when monsters are visible.
You are immune to unholy pain and torment.
You can survive without breathing.


Message History

Confirm with . or Enter, or press ? or * to list all spells.
Aiming: Confuse (safe; 1% risk of failure)
Press: ? - help, Shift-Dir - straight line, f - Menkaure
Aim: Menkaure (severely damaged, fast, chance to defeat MR: 58%) Menkaure appears confused.
Menkaure completely misses you. Menkaure misses you.
You hit Menkaure but do no damage.
Menkaure is severely damaged.
Menkaure barely misses the phantom.
You hit Menkaure but do no damage.
Menkaure is severely damaged.
You hit Menkaure but do no damage.
Menkaure is severely damaged.
Menkaure barely misses the phantom.
You hit Menkaure.
Menkaure is almost destroyed.
The phantom hits you.
* * * LOW HITPOINT WARNING * * *
Menkaure hits you!
You die...

........... ......>$#
.....#####.####......#
..#..## ..?.......#
......##### #.......#
..#.......# #%......#
..#.......# #.......#
..#.......#
#.#.#########
..>.......#
#.MW.........
...###.####
###@######### ... #.#
#.# #.# #.## #.# #.
#..# #.# ##.# #.# #.#
#.# ##### #.# #.#
....# #.## #.# ....#
#..##### #.#


You could see a phantom and Menkaure (confused).

Vanquished Creatures
  Pikel (D:6)
  A hungry ghost (D:8)
  A water moccasin (D:8)
  3 ice beasts
  A slave (D:6)
  2 phantoms
  An ogre (D:4)
  4 centaurs
  3 bullfrogs
  A scorpion (D:4)
  2 centaur zombies
  A crimson imp (D:7)
  2 jellies (D:8)
  2 hounds
  2 bullfrog skeletons
  4 orc priests
  2 orc wizards
  An iguana (D:4)
  4 worker ants
  2 hound skeletons
  A worker ant zombie (D:5)
  A howler monkey skeleton (D:4)
  13 adders
  A river rat (D:5)
  A shadow imp (D:5)
  13 oozes
  An adder skeleton (D:5)
  7 worms
  3 dart slugs
  3 leopard geckos
  18 orcs
  9 giant cockroaches
  8 goblins
  8 hobgoblins
  14 jackals
  15 kobolds
  7 quokkas
  5 ball pythons
  11 bats
  7 frilled lizards
  A jackal skeleton (D:5)
  A leopard gecko skeleton (D:8)
  A quokka skeleton (D:8)
  8 rats
197 creatures vanquished.

Notes
Turn   | Place    | Note
-------+----------+-------------------------------------------
     0 | D:1      | Borgoz the Ghoul Enchanter began the quest for the Orb.
     0 | D:1      | Reached XP level 1. HP: 14/14 MP: 2/2
    63 | D:1      | Reached skill level 1 in Short Blades
    77 | D:1      | Reached XP level 2. HP: 6/20 MP: 1/3
   444 | D:1      | Learned a level 2 spell: Ensorcelled Hibernation
   661 | D:1      | Reached XP level 3. HP: 25/27 MP: 4/4
   814 | D:1      | Reached skill level 1 in Fighting
  1402 | D:2      | Noticed an ice beast
  1420 | D:2      | Killed an ice beast
  1420 | D:2      | Reached XP level 4. HP: 12/36 MP: 6/6
  1420 | D:2      | Reached XP level 5. HP: 14/41 MP: 7/7
  1631 | D:2      | Learned a level 3 spell: Confuse
  1925 | D:2      | Found a burning altar of Makhleb.
  2193 | D:3      | Found a shimmering altar of Xom.
  2193 | D:3      | Noticed an angel
  2208 | D:3      | Found a glowing silver altar of Zin.
  2273 | D:3      | Reached XP level 6. HP: 36/47 MP: 8/8
  2362 | D:3      | Found a hazy altar of Hepliaklqana.
  2682 | D:3      | Found an opulent altar of Gozag.
  2717 | D:4      | Found a sacrificial altar of Ru.
  2874 | D:4      | Reached XP level 7. HP: 14/56 MP: 9/9
  3444 | D:5      | Entered Level 5 of the Dungeon
  3481 | D:5      | Found a glowing drain.
  3532 | Sewer    | Entered a sewer
  4561 | D:4      | Reached XP level 8. HP: 30/63 MP: 3/11
  5121 | D:5      | Found a hide-covered altar of Uskayaw.
  5140 | D:5      | Reached skill level 1 in Armour
  5140 | D:5      | Reached skill level 5 in Stealth
  5184 | D:5      | Found a glowing golden altar of the Shining One.
  5557 | D:5      | Got a pair of ichor-stained boots
  5563 | D:5      | Identified the +2 pair of boots of Conscience {+Blink +Inv
                  | rN+} (You found it on level 5 of the Dungeon)
  5838 | D:6      | You fall through a shaft for 2 floors!
  5936 | D:6      | Reached skill level 5 in Hexes
  6190 | D:6      | Found a staircase to the Ecumenical Temple.
  6270 | D:6      | Noticed Pikel
  6303 | D:6      | Killed Pikel
  6303 | D:6      | Reached skill level 5 in Short Blades
  6303 | D:6      | Reached XP level 9. HP: 31/72 MP: 13/13
  6616 | D:7      | Noticed Harold
  6617 | D:7      | Noticed Duvessa
  6617 | D:7      | Noticed Dowan
  7156 | D:8      | Got a steaming plate armour
  7337 | Temple   | Entered the Ecumenical Temple
  7406 | Temple   | Identified the +7 plate armour "Ymucuib" {+Inv Dex+4} (You
                  | found it on level 8 of the Dungeon)
  7418 | Temple   | Became a worshipper of Ashenzari the Shackled
  7530 | D:7      | Noticed Menkaure
  7575 | D:7      | Mangled by Menkaure

Skill      XL: |  1  2  3  4  5  6  7  8  9 |
---------------+----------------------------+-----
Short Blades   | 1 2 3 5 |  5.8
Dodging        | 2 3 4 |  4.3
Fighting       | 1 2 3 4 |  4.9
Spellcasting   | 2 3 4 |  4.1
Hexes          | 3 4 5 |  5.9
Stealth        | 4 5 |  5.0
Armour         | 2 3 |  3.0

Action                   |  1- 3 |  4- 6 |  7- 9 || total
-------------------------+-------+-------+-------++-------
Melee: Dagger            |    25 |    74 |   471 ||   570
       Short sword       |    88 |    81 |   236 ||   405
 Cast: Corona            |     5 |       |       ||     5
       Ensorcelled Hiber |       |     1 |       ||     1
       Confuse           |       |       |     9 ||     9
Evoke: Wand              |     1 |     3 |       ||     4
  Use: Scroll            |       |     3 |    10 ||    13
       Potion            |       |     1 |     8 ||     9
 Stab: Sleeping          |     8 |     3 |    12 ||    23
       Confused          |       |       |     3 ||     3
       Distracted        |       |       |     2 ||     2
  Eat: Chunk             |     6 |    11 |    43 ||    60
Armor: Robe              |    31 |    35 |       ||    66
       Leather armour    |       |    24 |   211 ||   235
Dodge: Dodged            |    63 |   112 |   404 ||   579
